 Seeded DCSS version 0.30.0-10-gfe55d96785 (webtiles) character file.

Game seed: 10090500252402427320 (custom seed)

2527 GigaChad the Protected (level 9, -16/71 HPs)
             Began as a Formicid Fighter on May 15, 2023.
             Was a Follower of the Shining One.
             Demolished by an orc warlord
             ... wielding a +6 broad axe
              (25 damage)
             ... in a bailey.
             The game lasted 00:07:41 (7086 turns).

GigaChad the Protected (Formicid Fighter)           Turns: 7086, Time: 00:07:42

Health: -16/71     AC: 10    Str: 27    XL:     9   Next: 84%
Magic:  9/9        EV: 10    Int:  8    God:    the Shining One [*.....]
Gold:   439        SH:  7    Dex: 19    Spells: 8/8 levels left

rFire   . . .        a - +0 war axe (heavy)
rCold   . . .        c - +1 buckler
rNeg    . . .        b - +0 scale mail
rPois   .            (helmet unavailable)
rElec   .            o - +0 cloak
rCorr   .            (no gloves)
SInv    +            (no boots)
Will    .....        (no amulet) Stlth
                     l - ring "Yrosutoh" {Str+2 Dex+6}
HPRegen 0.31/turn    (no ring)
MPRegen 0.11/turn

%: no passive effects
@: glowing, studying Armour
A: permanent stasis, dig shafts and tunnels, antennae 3, four strong arms
a: Dig, Renounce Religion, Divine Shield


You were in a bailey.
You worshipped the Shining One.
The Shining One was aware of your devotion.
You visited 2 branches of the dungeon, and saw 8 of its levels.
You also visited: Bailey.

You collected 439 gold pieces.

Inventory:

Hand Weapons
 a - a +0 heavy war axe (weapon)
 n - a +3 quarterstaff of chaos
 z - a +5 quarterstaff
Missiles
 x - a throwing net
Armour
 b - a +0 scale mail (worn)
 c - a +1 buckler (worn)
 o - a +0 cloak (worn)
Jewellery
 l - the ring "Yrosutoh" (left hand) {Str+2 Dex+6}
   (You acquired it on level 2 of the Dungeon)

   [ring of dexterity]

   Str:       It affects your strength (+2).
   Dex:       It affects your dexterity (+6).
 p - an amulet of regeneration
Wands
 w - a wand of charming (13)
 y - a wand of iceblast (11)
 A - a wand of quicksilver (8)
 E - a wand of flame (19)
Scrolls
 g - a scroll of torment {unknown}
 h - 2 scrolls of identify
 k - 4 scrolls of teleportation
 q - a scroll of silence
 s - 2 scrolls of magic mapping
 u - a scroll of vulnerability
 C - a scroll of noise
 F - a scroll of enchant weapon {unknown}
 G - a scroll of summoning {unknown}
 H - a scroll of fog
Potions
 d - 2 potions of might
 e - a potion of flight {unknown}
 f - 3 potions of brilliance {unknown}
 i - 2 potions of heal wounds {unknown}
 j - 2 potions of haste {unknown}
 m - 6 potions of curing {unknown}
 r - a potion of invisibility
 t - 2 potions of mutation {unknown}
 v - 2 potions of resistance {unknown}
 B - a potion of degeneration {unknown}
 D - a potion of attraction {unknown}
 I - 2 potions of magic {unknown}


   Skills:
 * Level 6.4 Fighting
 * Level 9.2 Axes
 * Level 9.5 Armour
 * Level 7.1 Shields


You had 8 spell levels left.
You didn't know any spells.
Your spell library contained the following spells:

 Spells                   Type           Power      Damage    Failure   Level
 Apportation              Tloc           0%         N/A       69%         1
 Necrotise                Necr           0%         1d4       69%         1
 Summon Small Mammal      Summ           0%         N/A       69%         1
 Ensorcelled Hibernation  Hex/Ice        0%         N/A       83%         2
 Spider Form              Tmut/Pois      0%         N/A       96%         3
 Anguish                  Hex/Necr       0%         N/A       100%        4
 Cause Fear               Hex            0%         N/A       100%        4
 Dragon Form              Tmut           0%         N/A       100%        7
 Dragon's Call            Summ           0%         N/A       100%        9


Dungeon Overview and Level Annotations

Branches:
Dungeon (7/15)             Temple (1/1) D:4          Bailey (1/1)

Altars:
Ashenzari
Dithmenos
Elyvilon
Fedhas
Gozag
Hepliaklqana
Kikubaaqudgha
Makhleb
Nemelex Xobeh
Okawaru
Qazlal
Ru
Trog
Uskayaw
Vehumet
Wu Jian
Xom
Yredelemnul
Zin
The Shining One

Shops:
D:5 [


Innate Abilities, Weirdness & Mutations

You cannot be hasted, slowed, berserked, paralysed or teleported.
You can dig through walls and to a lower floor.
You have a pair of large antennae on your head. (SInv)
Your four strong arms can wield two-handed weapons with a shield.


Message History

You slash the orc!
You kill the orc!
No target in view!
There is an open door here.
You see here a boomerang.
You enter the shallow water.
Moving in this stuff is going to be slow.
Things that are here:
2 boomerangs; a kobold corpse
There is an open door here.
The orc warlord shouts!
Things that are here:
2 boomerangs; a kobold corpse
There is an open door here.
Items here: ( ) [ †.
Items here: ( )) [[ ††.
There is an open door here.
You see here a boomerang.
There is an open gate here.
There is an empty arch of ancient stone here.
There is an open gate here.
Items here: )) [[ ÷.
There is an open door here.
There is an open door here.
You open the gate.
You hit the orc warlord but do no damage.
The orc warlord hits you with a +6 broad axe!!
You completely miss the orc warlord. You block the orc warlord's attack.
The orc warlord hits you with a +6 broad axe!!
* * * LOW HITPOINT WARNING * * *
You hit the orc warlord.
The orc warlord is lightly wounded.
The orc warlord hits you with a +6 broad axe!!
The Shining One protects you from harm!
The orc warlord hits you with a +6 broad axe!
* * * LOW HITPOINT WARNING * * *
You slice the orc warlord!!
The orc warlord is lightly wounded.
The orc warlord hits you with a +6 broad axe!!
You die...

..~~~.#~.........~#.(~~...♣♣
..~~~.#~~.8...8.~~#.~~~...♣
..###'###.......###'###..♣♣
.##....#~.8...8.~#....##.♣
##.....#{~~~~~~~~#.....##♣
#......####~~~####......##
...8......#'''#......8...#
..........().............#
..........()...o@........#
#..8..8...))......8..8..##
##.......#######.......##
##.....## ##.....## ##...##
##..?## ##### #####


You could see an orc warlord.

Vanquished Creatures
  Grinder (D:5)
  3 yaks (D:6)
  Menkaure (D:5)
  A water moccasin (D:6)
  4 orc warriors (Bailey)
  A sky beast (D:7)
  A black bear (D:7)
  A phantom (D:5)
  A bullfrog (D:6)
  2 scorpions
  4 wights (D:6)
  2 jellies
  Crazy Yiuf (D:2)
  A hound (D:5)
  A gnoll bouda (D:5)
  6 iguanas
  2 sleepcaps
  7 gnolls
  6 adders
  A shadow imp (D:6)
  5 white imps
  An ufetubus (D:6)
  2 worms (D:3)
  A dart slug (D:5)
  21 orcs
  4 bats
  2 endoplasms (D:4)
  3 giant cockroaches
  10 goblins
  10 hobgoblins
  4 quokkas
  3 ball pythons
  8 frilled lizards
  17 kobolds
  4 rats
142 creatures vanquished.

Notes
Turn   | Place    | Note
-------+----------+-------------------------------------------
     0 | D:1      | GigaChad the Formicid Fighter began the quest for the Orb.
     0 | D:1      | Reached XP level 1. HP: 18/18 MP: 1/1
   325 | D:1      | Reached XP level 2. HP: 24/24 MP: 2/2
   793 | D:1      | Identified a scroll of acquirement
   793 | D:1      | Acquired a manual of Armour
  1052 | D:2      | Found a sparkling altar of Nemelex Xobeh.
  1178 | D:2      | Reached XP level 3. HP: 29/29 MP: 3/3
  1198 | D:2      | Found a runed translucent door.
  1199 | D:2      | Noticed Crazy Yiuf
  1205 | D:2      | Killed Crazy Yiuf
  1206 | D:2      | Reached XP level 4. HP: 16/37 MP: 4/4
  1291 | D:2      | Acquired the ring "Yrosutoh" {Str+2 Dex+6}
  1705 | D:3      | Reached XP level 5. HP: 39/42 MP: 5/5
  2017 | D:3      | Found a basalt altar of Yredelemnul.
  2107 | D:3      | Reached skill level 5 in Armour
  2352 | D:4      | Identified the +5 ring mail "Dyhon" {rN+ Str+4 Dex-3}
  2368 | D:4      | Found a staircase to the Ecumenical Temple.
  2396 | Temple   | Entered the Ecumenical Temple
  2599 | Temple   | Became a worshipper of the Shining One
  2713 | D:4      | Found a sand-covered staircase.
  3154 | D:5      | Entered Level 5 of the Dungeon
  3216 | D:5      | Reached skill level 5 in Shields
  3216 | D:5      | Reached XP level 6. HP: 31/48 MP: 6/6
  3499 | D:5      | Found Yggoapn's Antique Armour Shoppe.
  3601 | D:5      | Found an opulent altar of Gozag.
  3638 | D:5      | Noticed Menkaure
  3643 | D:5      | Killed Menkaure
  3644 | D:5      | Reached skill level 5 in Axes
  3644 | D:5      | Reached XP level 7. HP: 12/55 MP: 7/7
  4402 | D:5      | Noticed Grinder
  4420 | D:5      | Killed Grinder
  4421 | D:5      | Reached XP level 8. HP: 61/61 MP: 8/8
  4452 | D:5      | Found a burning altar of Makhleb.
  4470 | D:5      | Reached skill level 5 in Fighting
  5296 | D:6      | Reached * piety under the Shining One
  5907 | D:6      | Found an iron altar of Okawaru.
  5973 | D:6      | Reached XP level 9. HP: 57/68 MP: 9/9
  6762 | D:7      | Found a flagged portal.
  6784 | Bailey   | Entered a bailey
  6789 | Bailey   | Noticed an orc warlord
  6860 | Bailey   | Found a runed translucent gate.
  6861 | Bailey   | Found a runed translucent gate.
  6868 | Bailey   | Found a runed translucent gate.
  7085 | Bailey   | The Shining One protects you from harm!
  7086 | Bailey   | Demolished by an orc warlord

Illustrated notes

Levels and vault maps discovered:
D:1:      nzn_arrival_settlement, layout_loops_corners, serial_bayou_ford_a,
          nicolae_kite_square_tiling_tiny
D:2:      layout_basic, basic_altar, uniq_crazy_yiuf_cottage
D:3:      layout_basic, mainiacjoe_overflow_brackets, minmay_hedge_maze
D:4:      layout_basic, temple_hall, chequers_ossuary_entry_cave
D:5:      layout_basic, mainiacjoe_overflow_paths, grunt_gozag_statues,
          serial_shops, shop, dreamdust_wishing_well, minmay_lizard_king,
          uniq_grinder, uniq_menkaure
D:6:      layout_basic, mainiacjoe_overflow_boulevard
D:7:      layout_cave_pools, enter_bailey_2, sigmund_edmund_badplayer
Temple:   eino_temple_scatter_basement
Bailey:   bailey_axe_bossmonster_kennysheep, bailey

Skill      XL: |  1  2  3  4  5  6  7  8  9 |
---------------+----------------------------+-----
Armour         | 4 5 6 7 8 9 |  9.5
Axes           | 3 5 7 9 |  9.2
Fighting       | 4 5 6 |  6.4
Shields        | 5 6 7 |  7.1

Action                     |  1- 3 |  4- 6 |  7- 9 || total
---------------------------+-------+-------+-------++-------
  Melee: War axe           |    46 |   168 |   214 ||   428
    Use: Scroll            |     1 |     1 |    11 ||    13
 Armour: Scale mail        |    15 |    48 |    83 ||   146
  Dodge: Dodged            |    18 |    79 |    91 ||   188
  Block: Buckler           |     9 |    46 |    70 ||   125
